Map: Acid Plant LE

Players

SleepyBear

  • Race: Protoss Protoss
  • Spawn Location: 11:00

jackyj - Winner!

  • Race: Zerg Zerg
  • League: Silver
  • Spawn Location: 5:00

VOD

Have the link to the VOD?

Description

Time

  • Played on: Aug. 10, 2018, 5:28 p.m.
  • Length: 11:56
Show
View Real Time Build Order
Export as new Build Order

SleepyBear Protoss 

Build Orders:  

Get SALT Encoding   

  12  0:01  Probe  
  13  0:13  Probe  
  14  0:21  Pylon  
  14  0:26  Probe  
  15  0:40  Forge  
  15  0:44  Probe  
  16  0:59  Pylon  
  16  1:18  Probe  
  16  1:19  Photon Cannon  
  16  1:20  Photon Cannon  
  17  1:27  Probe  
  18  1:35  Gateway  
  18  1:36  Probe  
  19  1:40  Assimilator  
  19  1:52  Pylon  
  19  1:59  Probe  
  20  2:22  Cybernetics Core  
  20  2:25  Photon Cannon  
  20  2:32  Photon Cannon, Probe  
  21  2:38  Assimilator  
  21  2:40  Probe  
  21  2:48  Photon Cannon  
  21  2:49  Probe  
  22  2:57  Pylon  
  23  3:06  Robotics Facility  
  23  3:20  Shield Battery  
  23  3:22  Shield Battery  
  23  3:28  Probe  
  24  3:39  Pylon  
  24  3:44  Shield Battery  
  24  3:47  Pylon  
  24  3:50  Immortal  
  24  3:55  Pylon  
  28  4:20  Immortal  
  32  5:07  Shield Battery  
  32  5:08  Immortal  
  32  5:09  Shield Battery  
  32  5:11  Photon Cannon  
  32  5:12  Photon Cannon  
  28  5:15  Photon Cannon  
  28  5:17  Pylon  
  32  5:37  Photon Cannon  
  32  5:38  Warp Prism  
  32  5:39  Photon Cannon  
  33  6:44  Immortal  
Show
View Real Time Build Order
Export as new Build Order

jackyj Zerg - Winner!

Build Orders: Hatch First, Roach Nydus 

Get SALT Encoding   

  12  0:03  Drone  
  13  0:12  Overlord  
  13  0:18  Drone  
  14  0:31  Drone  
  14  0:33  Drone  
  16  0:35  Drone  
  17  0:53  Hatchery  
  17  0:56  Drone  
  17  1:00  Drone  
  18  1:11  Extractor  
  18  1:17  Spawning Pool  
  16  1:18  Drone  
  16  1:22  Drone  
  18  1:35  Drone  
  19  1:47  Drone  
  21  2:06  Extractor  
  20  2:11  Drone x2  
  20  2:15  Overlord  
  22  2:26  Spine Crawler  
  22  2:28  Drone  
  22  2:33  Queen  
  22  2:34  Drone  
  25  2:46  Hatchery  
  25  2:49  Roach Warren  
  25  2:50  Drone  
  24  3:00  Drone  
  25  3:12  Drone  
  26  3:15  Lair  
  26  3:33  Spine Crawler  
  25  3:45  Spine Crawler  
  28  3:48  Roach x3  
  30  4:05  Queen  
  30  4:07  Roach  
  30  4:09  Overlord  
  34  4:10  Roach  
  36  4:21  Drone, Nydus Network  
  36  4:27  Overlord  
  36  4:30  Queen  
  38  4:39  Overlord  
  38  4:40  Roach  
  38  4:41  Queen  
  42  4:56  Drone  
  42  4:58  Spine Crawler  
  42  4:59  Roach x2  
  44  5:28  Ravager  
  44  5:29  Ravager x3  
  48  5:36  Drone  
  48  5:37  Spine Crawler  
  48  6:03  Nydus Canal  
  46  6:12  Roach x3  
  46  6:13  Roach  
  54  6:26  Spine Crawler  
  49  6:45  Roach x3  
  53  6:55  Spine Crawler x2  
  51  7:07  Roach  
  51  7:08  Roach  
  53  7:09  Drone  
  53  7:10  Roach x2  
  52  7:17  Queen  
  52  7:18  Queen  
  40  7:46  Roach  
  40  7:47  Roach x2  
  38  7:55  Drone x3  
  22  8:22  Roach x2  
  22  9:01  Drone  
  21  9:31  Drone  
  18  10:09  Drone x3  
  15  10:45  Drone x3  
  17  11:32  Drone x3  
  22  11:34  Drone x2  
Tags
 
League
Silver
Matchup
PvZ
Spawn Locations
Cross Positions
Strategy
Roach Nydus
Add a new tag
Caveats
  • Supply blocks, unpowered buildings, or Contaminate may cause inaccurate times.
  • Supply counts are checked every 10 seconds.